Workbook

Sheet Amortizacion de pagos
C4: Valor total Contrato | D4: 14491812
D6: Valor a pagar | E6: Saldo
C7: Enero | E7: =+D4 -> 14491812 | G7: =+E7-H7 -> 3131921.3 | H7: =+D9+D10+D11+D12 -> 11359891
C8: Febrero | D8: 0 | E8: =+E7-D8 -> 14491812
C9: marzo | D9: 3239950 | E9: =+E8-D9 -> 11251862 | F9: =+D10-D9 -> -734194.3
C10: abril | D10: 2505755.7 | E10: =+E9-D10 -> 8746106.3
C11: mayo | D11: 2360283 | E11: =+E10-D11 -> 6385823.3
C12: JULIO | D12: 3253902 | E12: =+E11-D12 -> 3131921.3
C13: AMB | D13: =+D4/2 -> 7245906 | E13: =+E12-D13 -> -4113984.7
C14: DICIEMBRE | D14: =+D13 -> 7245906 | E14: =+E13-D14 -> -11359891

Sheet Julio
A1: HOSPITAL MILITAR CENTRAL | D1: FORMATO: INFORME DE SUPERVISIÓN PARA TRÁMITES A PAGO | K1: CÓDIGO: GA-GECO-MN-01-FT-05
D2: UNIDAD: COMPRAS, LICITACIONES Y BIENES ACTIVOS | K2: FECHA DE EMISIÓN: 13-07-2023
D4: PROCESO: GESTIÓN ADQUISICIONES | K4: VERSIÓN: 08
D5: SISTEMA DE GESTION INTEGRADO SGI | K5: PAGINA 1 DE 2
A7: Fecha: | B7: 30 de DICIEMBRE de 2022
A8: TIPO DE CONTRATO | B8: PRESTACIÓN DE SERVICIOS | E8: TIPO DE PROCESO | G8: minima cuantia | J8: N° DE PROCESO EN EL SECOP II / TIENDA VIRTUAL | L8: MC-163-2022-HOMIL
A10: CONTRATO No. | C10: OBJETO: | E10: DATOS GENERALES DEL CONTRATO
A11: CONTRATO N°194-2022 | C11: OBJETO: PRESTACIÓN DE SERVICIO DE CLASIFICACIÓN Y APROVECHAMIENTO DE LOS RESIDUOS APROVECHABLES JUNTO CON EL ACOMPAÑAMIENTO Y FOMENTO DE LA CULTURA DE RECICLAJE DEL MATERIAL QUE SE PRODUCEN EN EL HOSPITAL MILITAR CENTRAL | E11: Fecha de suscripción: | J11: 44754
E12: Valor inicial: | L12: =L13+#REF!+#REF!+#REF!+#REF! -> #REF!
E13: VIGENCIA AÑO (Ej:2022) | J13: =+J12 -> 0 | L13: 0
E14: Adiciones (Si aplica) : | J14: =SUM(J15:M18) -> 0 | L14: =SUM(L15:M17) -> 0
E15: 1- | J15: 0 | L15: 0
E16: 2- | J16: 0 | L16: 0
E17: 3- | J17: 0
E18: 4- | J18: 0
E19: Reducciones y/o Liberaciones (Si aplica): | L19: =SUM(L20,L21,M23) -> 0
E20: 1- | L20: 0
E21: 2- | J21: 0 | L21: 0
E22: 3- | J22: 0
E23: 4- | J23: 0 | M23: 0
E24: Valor Total Contrato | J24: =+J12+J14-J19 -> 0 | L24: =L12+L14-L19 -> #REF!
E25: COMPROMISO PRESUPUESTAL | J25: SIIF | L25: N°CDP (SIIF).
J26: 1 | L26: 1
J27: Fecha:
E28: Garantía Cumplimiento (Si aplica) :
E29: Aseguradora (Si aplica):
E30: Fecha de aprobación de la Garantía (Si aplica):
E31: Nombre del Supervisor y fecha de notificación: | J31: Ss. Ruben Dario Devia Ortiz 30/07/2023
E32: Fecha de inicio de contrato | J32: =+L27 -> 0
E33: Plazo de ejecución | J33: FECHA DE INICIO | L33: FECHA DE TERMINACION
J34: 44754 | L34: 45138
E35: Vigencia del Contrato: 11 meses y 19 dias
E36: Prorrogas: En tiempo
E37: 1-
E38: 2-
E39: 3-
A40: RAZON SOCIAL DEL CONTRATISTA: | E40: NIT: 900.653.576-7
A41: ASOCIACION DE RECICLADORES CRECER SIN FRONTERAS | E41: Dirección: Diagonal 38 Sur Nº81g- 66 bodega 5 y 6
E42: Teléfono: 3017595025
E43: Cuenta Bancaria No.
E44: Banco:
E45: Tipo de Cuenta: | J45: Ahorros | L45: Corriente
A47: FORMA DE PAGO: Dentro de los 90 días calendario.
A50: FORMATO | B50: INFORME DE SUPERVISIÓN PARA TRÁMITES A PAGO | I50: CODIGO | J50: GA-GECO-MN-01-FT-05 | L50: VERSIÓN | M50: O8
I51: Página: | L51: 2 DE 2
A53: Descripción de Servicios a Recibir | D53: Almacen que Ingresa | F53: No. Factura | H53: Fecha | J53: No. Relación de Soportes | L53: Valor $
A55: PRESTACIÓN DE SERVICIO DE CLASIFICACIÓN Y APROVECHAMIENTO DE LOS RESIDUOS APROVECHABLES JUNTO CON EL ACOMPAÑAMIENTO Y FOMENTO DE LA CULTURA DE RECICLAJE DEL MATERIAL QUE SE PRODUCEN EN EL HOSPITAL MILITAR CENTRAL MES DE DICIEMBRE | D55: N/A | J55: N/A
L56: 0
L57: 0
A58: Total del mes | L58: =+L55 -> 0
A59: Saldo del contrato | L59: =+J12 -> 0
A61: VALOR AUTORIZADO PARA PAGO POR LA SUMA DE | E61: =L58 -> 0
A62: VALOR EN LETRAS :
A63: NOTA 1: Verifico pago de parafiscales EPS, Pensión y riesgos profesionales correspondiente al mes de DICIEMBRE de 2022 segun acta de supervision adjunta al informe. En mi condición de supervisor del contrato, certifico que el/la contratista efectuó los aportes al sistema de seguridad social de del mes de DICIEMBRE; así mismo certifico que el/la) contratista presentó el informe de actividades o la relación de bienes y servicios contratados, el cual es parte integral del presente documento dando cumplimiento a lo contenido en el objeto y las obligaciones del mismo.
A66: OBSERVACIONES (Si aplica observaciones en el mes a presentar):
A68: VIGENCIA | C68: VALOR TOTAL CONTRATO (Agregar adiciones en el valor total) | F68: VALOR EJECUTADO | J68: VALOR LIBERADO O REDUCCIÓN | L68: PENDIENTE EJECUTAR
A69: AÑO 2022 | C69: =J24 -> 0 | F69: =+C69-L59 -> 0 | J69: =+F69 -> 0 | L69: =+C69 -> 0
A70: VALOR TOTAL | C70: =SUM(C69:E69) -> 0 | F70: =SUM(F69:I69) -> 0 | J70: =+J69 -> 0 | L70: =SUM(L69:M69) -> 0
C71: VALOR TOTAL CONTRATADO | F71: VALOR TOTAL EJECUTADO | J71: VALOR LIBERADO | L71: VALOR TOTAL PENDIENTE POR EJECUTAR
A73: NOTA 2: En lo que respecta a las personas naturales cuyo valor del pago mensual sea superior a los $5.000.000 se deberá anexar el siguiente cuadro.
A74: INFORMACIÓN GENERAL | F74: SALUD | J74: PENSIÓN | L74: RIESGOS PROFESIONALES
A75: Entidad | B75: N° Planilla | D75: Fecha de pago | F75: Entidad | H75: Valor | J75: Entidad | K75: Valor | L75: Entidad | M75: Valor
A80: NOMBRES Y APELLIDOS DEL SUPERVISOR: | E80: Ss Ruben Dario Devia Ortiz
A81: NUMERO DE CEDULA:
A82: FIRMA :
A83: NOTA 3: Recuerde que en caso de ser contrato de prestación de servicios profesionales o asistenciales, que no facturen, NO se requieren las firmas de enterado Jefe de Unidad y Subdirector
A85: FIRMA ENTERADO JEFE DE UNIDAD: CF. (RA) Oscar Mauricio Villegas Botero | H85: FIRMA ENTERADO SUBDIRECTOR: TC. (RA) Ricardo Arturo Hoyos Lanziano
A87: DOCUMENTOS SOPORTES VERIFICADOS Y ANEXOS AL INFORME:
B89: DOCUMENTOS | H89: SI | J89: N° FOLIOS
B90: Informe de Actividades con sus soportes
B91: Acta de supervisión y/o Factura | H91: X | J91: 1
B92: Pago de Seguridad Social | H92: X | J92: 1

Sheet Diciembre
A1: HOSPITAL MILITAR CENTRAL | D1: FORMATO: INFORME DE SUPERVISIÓN PARA TRÁMITES A PAGO | K1: CÓDIGO: GA-GECO-MN-01-FT-05
D2: UNIDAD: COMPRAS, LICITACIONES Y BIENES ACTIVOS | K2: FECHA DE EMISIÓN: 13-07-2022
D4: PROCESO: GESTIÓN ADQUISICIONES | K4: VERSIÓN: 08
D5: SISTEMA DE GESTION INTEGRADO SGI | K5: PAGINA 1 DE 2
A7: Fecha: | B7: DICIEMBRE 2022
A8: TIPO DE CONTRATO | B8: =+Julio!B8 -> PRESTACIÓN DE SERVICIOS | E8: TIPO DE PROCESO | G8: =+#REF! -> #REF! | J8: N° DE PROCESO EN EL SECOP II / TIENDA VIRTUAL | L8: =+#REF! -> #REF!
A10: CONTRATO No. | C10: OBJETO: | E10: DATOS GENERALES DEL CONTRATO
A11: =+Julio!A11 -> CONTRATO N°194-2022 | C11: =+#REF! -> #REF! | E11: Fecha de suscripción: | J11: =+#REF! -> #REF!
E12: Valor inicial: | J12: =+'Amortizacion de pagos'!D4 -> 14491812 | L12: =L13+L14+L15+L16+L17 -> 0
E13: VIGENCIA AÑO (Ej:2022) | J13: =+J12 -> 14491812 | L13: 0
E14: VIGENCIA AÑO (Ej: 2021) | J14: 0
E15: VIGENCIA AÑO | J15: 0
E16: VIGENCIA AÑO | J16: 0 | L16: 0
E17: VIGENCIA AÑO | J17: 0
E18: Adiciones (Si aplica) : | J18: =SUM(J19:M22) -> 0 | L18: =SUM(L19:M21) -> 0
E19: 1- | J19: 0 | L19: 0
E20: 2- | J20: 0 | L20: 0
E21: 3- | J21: 0
E22: 4- | J22: 0
E23: Reducciones y/o Liberaciones (Si aplica): | J23: =SUM(J24:M27) -> 0 | L23: =SUM(L24,L25,M27) -> 0
E24: 1- | J24: 0 | L24: 0
E25: 2- | J25: 0 | L25: 0
E26: 3- | J26: 0
E27: 4- | J27: 0 | M27: 0
E28: Valor Total Contrato | J28: =+J12+J18-J23 -> 14491812 | L28: =L12+L18-L23 -> 0
E29: COMPROMISO PRESUPUESTAL | J29: SIIF | L29: N°CDP (SIIF).
J30: =+#REF! -> #REF! | L30: =+Julio!L26 -> 1
J31: Fecha: | L31: =+#REF! -> #REF!
E32: Garantía Cumplimiento (Si aplica) : | J32: =+Julio!J28 -> 0
E33: Aseguradora (Si aplica): | J33: =+J32 -> 0
E34: Fecha de aprobación de la Garantía (Si aplica): | J34: =+J33 -> 0
E35: Nombre del Supervisor y fecha de notificación: | J35: =+#REF! -> #REF!
E36: Fecha de inicio de contrato | J36: =+#REF! -> #REF!
E37: Plazo de ejecución | J37: FECHA DE INICIO | L37: FECHA DE TERMINACION
J38: =+#REF! -> #REF! | L38: =+#REF! -> #REF!
E39: Vigencia del Contrato: 09 MESES
E40: Prorrogas: En tiempo
E41: 1-
E42: 2-
E43: 3-
A44: RAZON SOCIAL DEL CONTRATISTA: | E44: =+#REF! -> #REF!
A45: ANDRÉS MAURICIO ROMERO VÉLEZ | E45: =+#REF! -> #REF!
E46: =+#REF! -> #REF!
E47: =+#REF! -> #REF!
E48: =+#REF! -> #REF!
E49: Tipo de Cuenta: | J49: Ahorros | L49: Corriente
J50: x
A51: FORMA DE PAGO: Dentro de los 30 días calendario.
A54: FORMATO | B54: INFORME DE SUPERVISIÓN PARA TRÁMITES A PAGO | I54: CODIGO | J54: GA-GECO-MN-01-FT-05 | L54: VERSIÓN | M54: O8
I55: Página: | L55: 2 DE 2
A57: Descripción de Servicios a Recibir | D57: Almacen que Ingresa | F57: No. Factura | H57: Fecha | J57: No. Relación de Soportes | L57: Valor $
A59: =C11 -> #REF! | D59: =+J32 -> 0 | F59: 10 | H59: =+B7 -> DICIEMBRE 2022 | J59: =+J32 -> 0 | L59: =+'Amortizacion de pagos'!D13 -> 7245906
L60: 0
L61: 0
A62: Total del mes | L62: =+L59 -> 7245906
A63: Saldo del contrato | L63: =+J28-(F59*L59)+'Amortizacion de pagos'!F9 -> -58701442
A65: VALOR AUTORIZADO PARA PAGO POR LA SUMA DE | E65: =L62 -> 7245906
A66: VALOR EN LETRAS : | D66: =+#REF! -> #REF!
A67: NOTA 1: Verifico pago de parafiscales EPS y Pensión 2022/07/06 y riesgos profesionales 2022/07/06 Planilla N° 9436267353 – correspondiente al mes de JUNIO 2022 En mi condición de supervisor del contrato, certifico que el/la contratista efectuó los aportes al sistema de seguridad social de del mes de JUNIO 2022; así mismo certifico que el/la) contratista presentó el informe de actividades o la relación de bienes y servicios contratados, el cual es parte integral del presente documento dando cumplimiento a lo contenido en el objeto y las obligaciones del mismo. DOY POR RECIBIDO A SATISFACCION.
A70: OBSERVACIONES (Si aplica observaciones en el mes a presentar):
A72: VIGENCIA | C72: VALOR TOTAL CONTRATO (Agregar adiciones en el valor total) | F72: VALOR EJECUTADO | J72: VALOR LIBERADO O REDUCCIÓN | L72: PENDIENTE EJECUTAR
A73: AÑO 2022 | C73: =J28 -> 14491812 | F73: =+C73-L63 -> 73193254 | J73: 0 | L73: =+C73-F73-J73 -> -58701442
A74: AÑO XXXX | C74: =J14 -> 0 | F74: 0 | J74: 0 | L74: =+C74-F74-J74 -> 0
A75: AÑO XXXX | C75: =J15 -> 0 | F75: 0 | J75: 0 | L75: =+C75-F75-J75 -> 0
A76: AÑO XXXX | C76: =J16 -> 0 | F76: 0 | J76: 0 | L76: =+C76-F76-J76 -> 0
A77: AÑO XXXX | C77: =J17 -> 0 | F77: 0 | J77: 0 | L77: =+C77-F77-J77 -> 0
A78: VALOR TOTAL | C78: =SUM(C73:E77) -> 14491812 | F78: =SUM(F73:I77) -> 73193254 | J78: =SUM(J73:K77) -> 0 | L78: =SUM(L73:M77) -> -58701442
C79: VALOR TOTAL CONTRATADO | F79: VALOR TOTAL EJECUTADO | J79: VALOR LIBERADO | L79: VALOR TOTAL PENDIENTE POR EJECUTAR
A81: NOTA 2: En lo que respecta a las personas naturales cuyo valor del pago mensual sea superior a los $5.000.000 se deberá anexar el siguiente cuadro.
A82: INFORMACIÓN GENERAL | F82: SALUD | J82: PENSIÓN | L82: RIESGOS PROFESIONALES
A83: Entidad | B83: N° Planilla | D83: Fecha de pago | F83: Entidad | H83: Valor | J83: Entidad | K83: Valor | L83: Entidad | M83: Valor
A88: NOMBRES Y APELLIDOS DEL SUPERVISOR: | E88: =+#REF! -> #REF!
A89: NUMERO DE CEDULA: | E89: =+#REF! -> #REF!
A90: FIRMA :
A91: NOTA 3: Recuerde que en caso de ser contrato de prestación de servicios profesionales o asistenciales, que no facturen, NO se requieren las firmas de enterado Jefe de Unidad y Subdirector
A93: FIRMA ENTERADO JEFE DE UNIDAD: | H93: FIRMA ENTERADO SUBDIRECTOR:
A95: DOCUMENTOS SOPORTES VERIFICADOS Y ANEXOS AL INFORME:
B97: DOCUMENTOS | H97: SI | J97: N° FOLIOS
B98: Informe de Actividades con sus soportes | H98: X | J98: 1
B99: Acta de supervisión y/o Factura | H99: X
B100: Pago de Seguridad Social | H100: X
